Map: Prion Terraces

Players

lesha - Winner!

  • Race: Terran Terran

A.I. 1 (Hard)

  • Race: Zerg Zerg

VOD

Have the link to the VOD?

Description

Time

  • Played on: Dec. 1, 2015, 10:22 a.m.
  • Length: 13:54
Show
View Real Time Build Order
Export as new Build Order

lesha Terran - Winner!

Build Orders:  

Get SALT Encoding   

  12  0:03  SCV  
  13  0:15  SCV  
  14  0:21  Supply Depot  
  14  0:27  SCV  
  15  0:43  SCV  
  15  0:47  Barracks  
  16  0:55  SCV  
  17  1:07  SCV  
  18  1:19  SCV  
  19  1:35  Orbital Command  
  19  1:45  Command Center, Marine  
  20  2:01  SCV, Barracks  
  21  2:03  Marine  
  21  2:06  Refinery  
  22  2:09  Refinery  
  22  2:13  SCV  
  23  2:20  Bunker  
  23  2:21  Supply Depot  
  23  2:42  Marine  
  23  2:43  SCV  
  25  2:52  Supply Depot  
  25  2:55  SCV  
  26  3:00  Marine  
  26  3:02  Orbital Command  
  27  3:07  SCV  
  28  3:19  SCV  
  29  3:25  Barracks Tech Lab  
  29  3:26  Barracks Reactor  
  29  3:31  SCV  
  30  3:35  Barracks  
  30  3:40  Barracks  
  30  3:43  SCV  
  30  3:45  Factory  
  31  3:48  SCV  
  31  3:55  SCV, Marine  
  33  4:00  SCV, Stimpack  
  35  4:08  SCV  
  36  4:13  SCV, Marine  
  38  4:26  Refinery  
  38  4:34  Refinery, Starport  
  38  4:48  Barracks Reactor  
  38  4:49  Barracks Reactor  
  38  4:57  Supply Depot  
  38  5:02  Supply Depot  
  38  5:11  Command Center  
  38  5:16  Barracks  
  38  5:17  Barracks  
  38  5:19  Marine x3  
  41  5:22  Starport  
  41  5:23  Factory Reactor  
  41  5:25  Starport Reactor  
  41  5:36  Marine  
  41  5:37  Marine x2  
  41  5:39  SCV  
  45  5:51  SCV x2  
  45  5:54  Marine x2  
  49  6:00  Marine  
  49  6:01  Marine x4  
  49  6:03  SCV  
  49  6:04  SCV  
  56  6:12  Engineering Bay  
  56  6:13  Engineering Bay  
  56  6:15  SCV  
  56  6:16  SCV  
  56  6:17  Starport Reactor  
  58  6:24  Supply Depot  
  58  6:25  Supply Depot  
  58  6:27  SCV  
  58  6:28  SCV  
  58  6:29  Barracks Reactor  
  58  6:31  Barracks Reactor, Marine x5  
  58  6:32  Marine  
  66  6:33  Marine  
  66  6:36  Medivac  
  66  6:39  SCV  
  70  6:53  SCV x2  
  72  6:59  Marine x5  
  72  7:00  Marine x2  
  79  7:01  Medivac  
  79  7:05  Medivac  
  83  7:09  Medivac x2  
  87  7:17  Marine  
  88  7:27  Terran Infantry Weapons Level 1, Terran Infantry Armor Level 1  
  88  7:31  Medivac  
  88  7:32  Supply Depot  
  88  7:33  Supply Depot  
  88  7:35  Medivac  
  92  7:56  Supply Depot x2  
  92  8:18  SCV x3  
  95  8:20  Supply Depot  
  95  8:22  Supply Depot  
  95  8:30  SCV x3, Marine x3  
  95  8:31  Marine x2  
  95  8:33  Medivac x4  
  113  8:42  SCV  
  113  8:48  Marine x3  
  115  8:52  Marine x2  
  115  8:54  Refinery  
  117  9:03  Medivac x3  
  117  9:09  Marine  
  123  9:10  Marine  
  125  9:19  Marine x5  
  125  9:22  Medivac  
  132  9:27  Marine  
  132  9:28  Marine  
  134  9:33  Medivac x3  
  134  9:35  Supply Depot  
  134  9:36  Supply Depot  
  134  9:37  Marine x5  
  145  9:45  Marine  
  145  9:49  Missile Turret  
  145  9:52  Medivac  
  148  9:59  Supply Depot  
  145  10:00  Supply Depot  
  145  10:03  Medivac  
  126  10:16  Missile Turret  
  115  10:22  SCV x3, Supply Depot  
  115  10:24  Supply Depot  
  118  10:33  Missile Turret  
  118  10:34  SCV x3, Marine x2  
  118  10:35  Marine x5  
  126  10:38  Marine x3  
  126  10:39  Marine  
  126  10:42  Missile Turret  
  132  10:46  SCV x2  
  134  10:52  Marine x3  
  134  10:53  Marine x2  
  139  11:02  Marine x4  
  139  11:03  Marine x2  
  145  11:06  Medivac x2  
  145  11:07  Missile Turret, Medivac x2  
  145  11:10  Marine x2  
  145  11:11  Marine  
  158  11:15  Command Center  
  158  11:20  Marine x5  
  158  11:21  Marine  
  164  11:28  Command Center  
  164  11:31  Marine  
  164  11:32  Marine  
  164  11:36  Medivac x2  
  164  11:37  Medivac  
  164  11:38  Marine x2  
  164  11:39  Marine x7  
  179  11:49  Marine  
  179  11:53  Barracks  
  180  11:56  Marine x4  
  180  11:57  Marine x5  
  180  12:28  Marine x3  
  180  12:29  Marine x7  
  188  12:30  Marine  
  188  12:32  Medivac x3  
  188  12:33  Medivac  
  198  12:40  Barracks  
  198  12:46  Marine x2  
  196  13:02  Medivac x2  
Show
View Real Time Build Order
Export as new Build Order

A.I. 1 (Hard) Zerg 

Build Orders: Hatch First 

Get SALT Encoding   

  12  0:00  Drone  
  13  0:12  Overlord  
  13  0:17  Drone  
  14  0:30  Drone  
  14  0:32  Drone  
  14  0:34  Drone  
  17  0:52  Hatchery  
  17  0:55  Drone  
  17  1:10  Spawning Pool  
  16  1:11  Drone  
  16  1:15  Drone  
  16  1:18  Extractor  
  17  1:20  Drone  
  18  1:27  Overlord  
  18  1:38  Drone  
  19  1:58  Queen  
  19  1:59  Zergling x2  
  19  2:00  Zergling x2  
  19  2:01  Roach Warren  
  22  2:04  Drone  
  22  2:06  Extractor  
  22  2:15  Baneling Nest  
  21  2:19  Drone  
  22  2:23  Drone  
  22  2:26  Zergling x2  
  24  2:30  Zergling x2  
  24  2:35  Drone  
  26  2:39  Zergling x2  
  27  2:54  Roach  
  27  2:57  Overlord  
  29  3:01  Drone  
  29  3:05  Drone  
  31  3:08  Drone  
  31  3:10  Baneling x2  
  32  3:13  Lair  
  32  3:28  Drone  
  32  3:31  Drone  
  34  3:35  Drone  
  35  3:42  Evolution Chamber, Drone  
  35  3:49  Evolution Chamber  
  35  3:50  Drone  
  35  3:54  Roach  
  37  4:00  Overlord  
  37  4:10  Roach  
  37  4:13  Hydralisk Den  
  37  4:14  Drone  
  39  4:25  Extractor  
  39  4:26  Drone, Ravager  
  39  4:29  Overlord  
  40  4:34  Roach  
  40  4:37  Drone  
  43  4:39  Drone  
  43  4:43  Drone  
  43  4:44  Drone  
  46  4:48  Drone  
  46  4:49  Drone, Hydralisk  
  50  4:55  Overlord  
  50  4:59  Drone  
  51  5:02  Drone  
  51  5:04  Drone, Hydralisk  
  55  5:10  Drone  
  55  5:11  Drone  
  55  5:12  Drone  
  59  5:14  Drone  
  59  5:17  Overlord  
  60  5:21  Drone  
  60  5:26  Metabolic Boost, Drone  
  61  5:32  Drone  
  61  5:34  Zerg Melee Weapons Level 1  
  62  5:37  Drone  
  62  5:41  Zerg Ground Armor Level 1  
  63  5:43  Drone, Hydralisk  
  63  5:45  Drone  
  63  5:48  Drone  
  68  5:54  Overlord  
  68  5:58  Drone  
  68  6:01  Muscular Augments  
  69  6:05  Burrow, Drone  
  69  6:09  Drone  
  71  6:15  Drone, Roach  
  71  6:16  Overlord  
  74  6:26  Extractor  
  74  6:27  Drone  
  74  6:31  Roach  
  76  6:35  Overlord  
  76  6:42  Spore Crawler  
  76  6:44  Spore Crawler  
  76  6:46  Spore Crawler  
  76  6:47  Drone, Roach  
  76  6:48  Drone  
  76  6:50  Drone  
  76  6:51  Drone  
  76  6:54  Overlord  
  79  6:55  Spore Crawler  
  79  6:56  Drone  
  79  6:57  Overseer  
  79  7:02  Ravager x2, Hydralisk  
  79  7:06  Overseer  
  83  7:08  Spine Crawler  
  83  7:09  Drone  
  83  7:13  Spine Crawler  
  83  7:14  Drone  
  83  7:16  Queen  
  83  7:18  Hydralisk  
  83  7:22  Spine Crawler  
  86  7:25  Drone, Spine Crawler  
  86  7:26  Drone  
  86  7:29  Zerg Missile Weapons Level 1  
  87  7:30  Queen  
  87  7:33  Overlord, Hydralisk  
  91  7:39  Infestation Pit  
  91  7:40  Drone  
  91  7:47  Spire  
  91  7:48  Drone  
  91  7:50  Roach  
  95  8:05  Roach  
  95  8:21  Roach  
  97  9:28  Pneumatized Carapace  
  97  9:29  Overseer  
  97  9:30  Overlord, Zerg Ground Armor Level 2, Glial Reconstitution, Zerg Melee Weapons Level 2  
  97  9:32  Zerg Flyer Weapons Level 1  
  97  9:39  Hatchery  
  95  10:01  Zergling x2  
  90  10:12  Hive  
  90  10:17  Roach  
  71  10:22  Roach  
  71  10:25  Overlord  
  71  10:27  Roach  
  73  10:32  Roach  
  75  10:37  Roach  
  75  10:42  Roach  
  79  10:47  Ravager, Roach  
  82  10:52  Drone, Ravager, Queen  
  82  10:53  Drone  
  82  10:54  Roach  
  89  10:58  Hydralisk  
  89  11:01  Extractor  
  90  11:05  Spore Crawler  
  90  11:08  Spore Crawler, Drone  
  90  11:09  Extractor  
  90  11:11  Drone  
  89  11:12  Ravager  
  89  11:13  Hatchery, Roach  
  89  11:15  Drone  
  92  11:23  Drone  
  93  11:26  Zerg Flyer Armor Level 1  
  93  11:28  Ultralisk Cavern  
  93  11:32  Drone  
  93  11:33  Drone, Spine Crawler  
  93  11:34  Overseer  
  93  11:35  Drone, Spine Crawler  
  93  11:36  Drone  
  93  11:37  Drone  
  95  12:06  Queen  
  95  12:09  Zergling x2  
  95  12:14  Roach  
  67  12:17  Overseer  
  67  12:18  Overlord, Overseer  
  67  12:22  Overlord x2  
  54  12:34  Extractor  
  54  12:35  Drone, Hydralisk  
  41  12:40  Overlord, Zergling x2  
  41  12:41  Drone, Spore Crawler  
  41  12:42  Drone  
  41  12:43  Drone  
  37  12:44  Spore Crawler  
  37  12:45  Drone, Roach  
  37  12:46  Drone  
  37  12:48  Drone, Queen  
  37  12:49  Drone, Zergling x2  
  40  12:51  Extractor  
  36  12:58  Roach  
  36  13:00  Roach  
  36  13:02  Roach  
  36  13:03  Hatchery  
  36  13:05  Roach  
  29  13:07  Roach  
  29  13:10  Mutalisk  
  29  13:12  Overlord  
  26  13:14  Zergling x2  
  26  13:19  Hydralisk  
  25  13:22  Hydralisk  
  25  13:24  Hydralisk  
  25  13:25  Drone  
  25  13:26  Hydralisk  
  21  13:28  Drone  
  21  13:30  Drone  
  21  13:31  Drone, Zergling x2  
  21  13:32  Overlord  
Tags
 
Add a new tag
Caveats
  • Supply blocks, unpowered buildings, or Contaminate may cause inaccurate times.
  • Supply counts are checked every 10 seconds.